 Dungeon Sprint DCSS version 0.20-a0-1034-gb277f92 (webtiles) character file.

1164 galech the Grappler (level 8, -4/89 HPs)
             Began as a Troll Monk on Apr 21, 2017.
             Was an Elder of Cheibriados.
             Slain by a catoblepas (6 damage)
             ... in the Dungeon (Sprint IX: "|||||||||||||||||||||||||||||").
             The game lasted 00:02:45 (314 turns).

galech the Grappler (Troll Monk)                     Turns: 314, Time: 00:02:46

Health: -4/89      AC: 14    Str: 31    XL:     8   Next: 17%
Magic:  7/7        EV:  1    Int: 17    God:    Cheibriados [****..]
Gold:   0          SH:  0    Dex: 21    Spells: 7/7 levels left

rFire    . . .     SeeInvis .     - Unarmed
rCold    . . .     Gourm    +   (no shield)
rNeg     + + +     Faith    .   r - +0 troll leather armour
rPois    ∞         Spirit   .   (helmet restricted)
rElec    .         Reflect  .   q - +0 cloak
rCorr    .         Harm     .   (gloves unavailable)
MR       .....     NoTele   +   (boots unavailable)
Stlth    +++.......             (no amulet)
Regen    1.1/turn               o - +2 ring of evasion
MPRegen  0.1/turn               p - +2 ring of protection

@: petrified, very slow
A: unfitting armour, claws 3, slimy green scales 1, thin metallic scales 1,
clever 1, fast metabolism 3, gourmand, regeneration 1, shaggy fur 1, tough skin
2
a: Bend Time, Temporal Distortion, Slouch, Renounce Religion


You were in the Dungeon.
You worshipped Cheibriados.
Cheibriados was greatly pleased with you.
You were completely stuffed.

You visited 1 branch

Inventory:

Armour
 a - a +0 robe
 q - a +0 cloak (worn)
 r - a +0 troll leather armour (worn)
Magical Staves
 n - an uncursed staff of energy
Jewellery
 o - a +2 ring of evasion (left claw)
 p - a +2 ring of protection (right claw)
Wands
 m - a wand of acid (7/15)
Scrolls
 h - 2 scrolls of blinking
 k - 3 scrolls of remove curse
 l - 2 scrolls of amnesia
Potions
 c - 5 potions of curing
 d - a potion of heal wounds
 e - a potion of haste
 f - 4 potions of magic
 g - a potion of berserk rage
 j - a potion of invisibility
Comestibles
 b - 2 bread rations
 i - 5 chunks of flesh


   Skills:
 + Level 8.5 Fighting
 + Level 0.7 Armour
 + Level 8.6 Dodging
 + Level 5.5 Stealth
 + Level 9.5 Unarmed Combat


You had 7 spell levels left.
You didn't know any spells.

Dungeon Overview and Level Annotations

Branches:
Dungeon (1/1)

Altars:
Cheibriados
Dithmenos
Elyvilon
Fedhas
Gozag
Hepliaklqana
Kikubaaqudgha
Makhleb
Nemelex Xobeh
Okawaru
Qazlal
Ru
Sif Muna
Trog
Uskayaw
Vehumet
Wu Jian
Xom
Yredelemnul
Zin
The Shining One
Beogh
Jiyva
Lugonu


Innate Abilities, Weirdness & Mutations

You are too large for most types of armour.
You have claws for hands.
Your metabolism is lightning-fast.
You like to eat raw meat.
Your natural rate of healing is unusually fast.
You are covered in fur. (AC +1)
You have very tough skin. (AC +2)
You are partially covered in slimy green scales. (AC +2)
You are partially covered in thin metallic scales. (AC +2)
Your mind is acute. (Int +2)


Message History

You are slowing down.
The catoblepas gores you but does no damage.
Your limbs are stiffening.
There is an open door, spattered with blood here.
The catoblepas gores you but does no damage.
The catoblepas breathes a plume of calcifying dust at you.
The blast of calcifying dust hits you!
The yak is engulfed in calcifying dust.
The yak is moving more slowly.
You have turned to stone.
You are engulfed in calcifying dust.
The catoblepas gores you.
* * * LOW HITPOINT WARNING * * *
You are engulfed in calcifying dust.
The hound stops to sniff the ground.
The catoblepas gores you but does no damage.
You are engulfed in calcifying dust.
The catoblepas gores you!!
* * * LOW HITPOINT WARNING * * *
You are engulfed in calcifying dust.
The yak stops moving altogether!
The catoblepas gores you!
* * * LOW HITPOINT WARNING * * *
You are engulfed in calcifying dust.
The catoblepas gores you!
You die...

▓.▓
▓.▓
▓)▓
▓)▓
▓.▓
▓.▓
▓.▓
▓.▓
▓@▓
▓Y▓
▓Y▓
▓Z▓
▓h▓
▓l▓
▓.▓
▓.▓
▓+▓


You could see a catoblepas, a yak (petrified), an iguana, a hound and a leopard
gecko zombie.

Vanquished Creatures
  A two-headed ogre (D)
  A troll (D)
  A sky beast (D)
  A centaur (D)
  2 killer bees (D)
  An orc priest (D)
  An orc wizard (D)
  A shadow imp (D)
  2 orcs (D)
  A bat skeleton (D)
  A giant cockroach (D)
  2 goblins (D)
  A hobgoblin (D)
  A bat (D)
17 creatures vanquished.

Notes
Turn   | Place    | Note
-------+----------+-------------------------------------------
     0 | D        | galech the Troll Monk began the quest for the Orb.
     0 | D        | Reached XP level 1. HP: 23/23 MP: 0/0
    35 | D        | Noticed an orc priest
    35 | D        | Noticed a sky beast
    44 | D        | Reached XP level 2. HP: 32/32 MP: 1/1
    56 | D        | Reached skill level 1 in Unarmed Combat
    56 | D        | Reached XP level 3. HP: 17/40 MP: 2/2
    63 | D        | Killed a sky beast
    63 | D        | Reached skill level 5 in Fighting
    63 | D        | Reached skill level 5 in Dodging
    63 | D        | Reached skill level 3 in Unarmed Combat
    63 | D        | Reached XP level 4. HP: 16/50 MP: 3/3
    73 | D        | Gained mutation: You are partially covered in thin metallic scales. (AC +2) [mutagenic meat]
    74 | D        | Gained mutation: You are partially covered in slimy green scales. (AC +2) [mutagenic meat]
    75 | D        | Gained mutation: Your mind is acute. (Int +2) [mutagenic meat]
   126 | D        | Found a roughly hewn altar of Beogh.
   126 | D        | Found a snail-covered altar of Cheibriados.
   126 | D        | Found a shadowy altar of Dithmenos.
   126 | D        | Found a white marble altar of Elyvilon.
   126 | D        | Found a blossoming altar of Fedhas.
   126 | D        | Found an opulent altar of Gozag.
   127 | D        | Found a hazy altar of Hepliaklqana.
   128 | D        | Found a viscous altar of Jiyva.
   129 | D        | Found an ancient bone altar of Kikubaaqudgha.
   130 | D        | Found a corrupted altar of Lugonu.
   131 | D        | Found a burning altar of Makhleb.
   134 | D        | Became a worshipper of Cheibriados the Contemplative
   134 | D        | Reached * piety under Cheibriados
   134 | D        | Reached ** piety under Cheibriados
   137 | D        | Found a sparkling altar of Nemelex Xobeh.
   138 | D        | Found an iron altar of Okawaru.
   139 | D        | Found a stormy altar of Qazlal.
   140 | D        | Found a sacrificial altar of Ru.
   141 | D        | Found a deep blue altar of Sif Muna.
   142 | D        | Found a bloodstained altar of Trog.
   143 | D        | Found a hide-covered altar of Uskayaw.
   144 | D        | Found a radiant altar of Vehumet.
   145 | D        | Found an ornate altar of the Wu Jian Council.
   146 | D        | Found a shimmering altar of Xom.
   147 | D        | Found a basalt altar of Yredelemnul.
   148 | D        | Found a glowing silver altar of Zin.
   149 | D        | Found a glowing golden altar of the Shining One.
   192 | D        | Noticed a centaur
   192 | D        | Noticed a troll
   196 | D        | Reached skill level 4 in Unarmed Combat
   196 | D        | Reached XP level 5. HP: 59/59 MP: 4/4
   202 | D        | Killed a centaur
   202 | D        | Reached *** piety under Cheibriados
   202 | D        | Reached skill level 5 in Unarmed Combat
   202 | D        | Reached XP level 6. HP: 67/68 MP: 5/5
   206 | D        | Reached **** piety under Cheibriados
   206 | D        | Reached skill level 6 in Unarmed Combat
   213 | D        | Killed a troll
   213 | D        | Reached skill level 7 in Unarmed Combat
   213 | D        | Reached XP level 7. HP: 46/78 MP: 6/6
   270 | D        | Noticed a two-headed ogre
   270 | D        | Noticed a catoblepas
   270 | D        | Noticed a yak
   275 | D        | Killed a two-headed ogre
   275 | D        | Reached skill level 5 in Stealth
   275 | D        | Reached skill level 9 in Unarmed Combat
   275 | D        | Reached XP level 8. HP: 68/89 MP: 7/7
   313 | D        | HP: 1/89 [catoblepas (8)]
   314 | D        | Slain by a catoblepas

Vault maps used:
D:        linesprint

Skill      XL: |  1  2  3  4  5  6  7 |
---------------+----------------------+-----
Fighting       | 4 5 6 7 8 |  8.5
Dodging        | 4 5 6 7 8 |  8.6
Unarmed Combat | 1 3 4 5 7 9 |  9.5
Stealth        | 3 4 5 |  5.5
Armour         | |  0.7

Action                   |  1- 3 |  4- 6 |  7- 9 || total
-------------------------+-------+-------+-------++-------
Melee: Unarmed           |    43 |    20 |    10 ||    73
       Punch             |       |     1 |     1 ||     2
  Use: Potion            |       |       |     2 ||     2
  Eat: Chunk             |       |    11 |     1 ||    12
Armor: Robe              |    17 |     5 |       ||    22
       Troll leather arm |       |       |    16 ||    16
Dodge: Dodged            |    21 |    21 |     7 ||    49
